 Dungeon Sprint DCSS version 0.19-a0-376-gf780d9b (webtiles) character file.

1444 TopsideChimera the Brawler (level 8, -2/74 HPs)
             Began as a Troll Fighter on May 30, 2016.
             Was a High Priest of Cheibriados.
             Slain by a six-headed hydra (14 damage)
             ... in the Dungeon (Sprint IX: "|||||||||||||||||||||||||||||").
             The game lasted 00:04:28 (402 turns).

TopsideChimera the Brawler (Troll Fighter)           Turns: 402, Time: 00:04:29

Health: -2/74      AC:  5    Str: 39    XL:     8   Next: 46%
Magic:  9/9        EV: 16    Int: 21    God:    Cheibriados [*****.]
Gold:   8          SH: 13    Dex: 25    Spells: 0 memorised, 7 levels left

rFire  . . .     SeeInvis .       - Unarmed
rCold  . . .     Gourm    +     a - +0 robe
rNeg   . . .     Faith    .     b - +0 shield
rPois  .         Spirit   .     (helmet restricted)
rElec  .         Dismiss  .     (no cloak)
rCorr  .         Reflect  .     (gloves unavailable)
SustAt .         Harm     .     (boots unavailable)
MR     .....     NoTele   +     (no amulet)
Stlth  ++........               q - +2 ring of evasion
                                p - +3 ring of intelligence

@: very slow, not resistant to hostile enchantments, unstealthy
A: unfitting armour, claws 3, fast metabolism 3, gourmand, regeneration 2,
shaggy fur 1, tough skin 2
a: Bend Time, Temporal Distortion, Slouch, Step From Time, Renounce Religion


You were in the Dungeon.
You worshipped Cheibriados.
Cheibriados was extremely pleased with you.
You were completely stuffed.

You visited 1 branch You collected 8 gold pieces.

Inventory:

Armour
 a - a +0 robe (worn)
 b - a +0 shield (worn)
Jewellery
 p - a +3 ring of intelligence (left claw)
 q - a +2 ring of evasion (right claw)
Wands
 o - a wand of lightning (4/15)
Scrolls
 j - 2 scrolls of blinking
 k - 2 scrolls of enchant armour
 m - 3 scrolls of remove curse
 n - 2 scrolls of amnesia
 u - 6 scrolls of enchant weapon
 v - a scroll of fear
Potions
 c - a potion of might
 e - 7 potions of curing
 g - a potion of haste
 h - 4 potions of magic
 i - a potion of berserk rage
 l - a potion of invisibility
 r - a potion of agility
 s - a potion of cure mutation
Miscellaneous
 t - a phial of floods
Comestibles
 d - 2 bread rations


   Skills:
 - Level 2.4 Fighting
 + Level 6.3 Dodging
 - Level 5.9 Shields
 * Level 15.3 Unarmed Combat
 + Level 3.1 Invocations


You had 7 spell levels left.
You didn't know any spells.

Dungeon Overview and Level Annotations

Branches:
Dungeon (1/1)

Altars:
Cheibriados
Dithmenos
Elyvilon
Fedhas
Gozag
Hepliaklqana
Kikubaaqudgha
Makhleb
Nemelex Xobeh
Okawaru
Pakellas
Qazlal
Ru
Sif Muna
Trog
Ukayaw
Vehumet
Xom
Yredelemnul
Zin
The Shining One
Beogh
Jiyva
Lugonu


Innate Abilities, Weirdness & Mutations

You are too large for most types of armour.
You have claws for hands.
Your metabolism is lightning-fast.
You like to eat raw meat.
You heal very quickly.
You are covered in fur. (AC +1)
You have very tough skin. (AC +2)


Message History

* * * LOW HITPOINT WARNING * * *
You feel much better. The six-headed hydra bites you!
The six-headed hydra bites you.
The six-headed hydra closely misses you.
You block the six-headed hydra's attack. x2
The six-headed hydra bites you!
* * * LOW HITPOINT WARNING * * *
Unknown command.
The six-headed hydra bites you.
* * * LOW HITPOINT WARNING * * *
You block the six-headed hydra's attack.
The six-headed hydra barely misses you.
You block the six-headed hydra's attack. x3
The six-headed hydra bites you.
* * * LOW HITPOINT WARNING * * *
The six-headed hydra bites you.
* * * LOW HITPOINT WARNING * * *
The six-headed hydra bites you but does no damage.
The six-headed hydra bites you!
You die...

▓▓▓▓▓▓▓▓▓▓▓▓▓▓▓▓▓▓▓▓▓▓▓▓▓▓
....'.....[.....@DS†......
▓▓▓▓▓▓▓▓▓▓▓▓▓▓▓▓▓▓▓▓▓▓▓▓▓▓▓▓▓▓▓▓▓
.................................
▓▓▓▓▓▓▓▓▓▓▓▓▓▓▓▓▓▓▓▓▓▓▓▓▓▓▓▓▓▓▓▓▓
.'.)...')....'___________________
▓▓▓▓▓▓▓▓▓▓▓▓▓▓▓▓▓▓▓▓▓▓▓▓▓▓▓▓▓▓▓▓▓


You could see a six-headed hydra and a water moccasin.

Vanquished Creatures
  A gargoyle (D)
  An efreet (D)
  A hippogriff (D)
  An ogre (D)
  3 crocodiles (D)
  2 giant frogs (D)
  A scorpion (D)
  A killer bee (D)
  2 crimson imps (D)
  2 orc wizards (D)
  A hound (D)
  2 iguanas (D)
  A worker ant (D)
  A river rat (D)
  A shadow imp (D)
  A worm (D)
  An orc (D)
  A goblin (D)
  A hobgoblin (D)
  2 giant newts (D)
  A rat (D)
28 creatures vanquished.

Vanquished Creatures (others)
  A spatial maelstrom (D)
  A yak (D)
2 creatures vanquished.

Grand Total: 30 creatures vanquished

Notes
Turn   | Place    | Note
--------------------------------------------------------------
     0 | D        | TopsideChimera the Troll Fighter began the quest for the Orb.
     0 | D        | Reached XP level 1. HP: 22/22 MP: 0/0
     3 | D        | Banished a spatial maelstrom
    22 | D        | Reached skill level 3 in Unarmed Combat
    51 | D        | Noticed an orc wizard
    51 | D        | Noticed a hound
    51 | D        | Noticed a crimson imp
    53 | D        | Killed an orc wizard
    53 | D        | Reached skill level 6 in Unarmed Combat
    53 | D        | Reached XP level 2. HP: 25/29 MP: 1/1
    53 | D        | Reached XP level 3. HP: 31/36 MP: 2/2
    56 | D        | Reached skill level 8 in Unarmed Combat
    56 | D        | Reached XP level 4. HP: 34/44 MP: 3/3
    65 | D        | Reached skill level 9 in Unarmed Combat
    92 | D        | Found a glowing silver altar of Zin.
    92 | D        | Found a glowing golden altar of the Shining One.
    92 | D        | Found an ancient bone altar of Kikubaaqudgha.
    92 | D        | Found a basalt altar of Yredelemnul.
    92 | D        | Found a shimmering altar of Xom.
    92 | D        | Found a radiant altar of Vehumet.
    93 | D        | Found an iron altar of Okawaru.
    94 | D        | Found a burning altar of Makhleb.
    95 | D        | Found a deep blue altar of Sif Muna.
    96 | D        | Found a bloodstained altar of Trog.
    97 | D        | Found a sparkling altar of Nemelex Xobeh.
    98 | D        | Found a white marble altar of Elyvilon.
    99 | D        | Found a roughly hewn altar of Beogh.
   100 | D        | Found a viscous altar of Jiyva.
   101 | D        | Found a corrupted altar of Lugonu.
   102 | D        | Found a blossoming altar of Fedhas.
   103 | D        | Found a snail-covered altar of Cheibriados.
   104 | D        | Found a shadowy altar of Dithmenos.
   105 | D        | Found a stormy altar of Qazlal.
   106 | D        | Found an opulent altar of Gozag.
   107 | D        | Found a sacrificial altar of Ru.
   108 | D        | Found an oddly glowing altar of Pakellas.
   109 | D        | Found a hide-covered altar to Ukayaw.
   110 | D        | Found a hazy altar of Hepliaklqana.
   111 | D        | Became a worshipper of Cheibriados the Contemplative
   137 | D        | Noticed a giant frog
   137 | D        | Noticed a hippogriff
   145 | D        | Reached skill level 10 in Unarmed Combat
   145 | D        | Reached XP level 5. HP: 48/50 MP: 4/4
   146 | D        | Reached * piety under Cheibriados
   148 | D        | Reached skill level 11 in Unarmed Combat
   158 | D        | Killed a hippogriff
   158 | D        | Reached ** piety under Cheibriados
   158 | D        | Reached skill level 5 in Shields
   158 | D        | Reached skill level 12 in Unarmed Combat
   158 | D        | Reached XP level 6. HP: 48/59 MP: 5/5
   164 | D        | Reached *** piety under Cheibriados
   180 | D        | Noticed an efreet
   180 | D        | Noticed a yak
   180 | D        | Noticed a gargoyle
   187 | D        | Killed a yak
   189 | D        | Killed an efreet
   189 | D        | Reached skill level 13 in Unarmed Combat
   189 | D        | Reached XP level 7. HP: 30/66 MP: 6/6
   192 | D        | Killed a gargoyle
   192 | D        | Reached **** piety under Cheibriados
   192 | D        | Reached skill level 5 in Dodging
   192 | D        | Reached skill level 14 in Unarmed Combat
   196 | D        | Reached skill level 1 in Invocations
   196 | D        | Reached XP level 8. HP: 38/74 MP: 7/7
   383 | D        | Reached ***** piety under Cheibriados
   384 | D        | Noticed a five-headed hydra
   387 | D        | Reached skill level 15 in Unarmed Combat
   398 | D        | HP: 2/74 [six-headed hydra (7)]
   402 | D        | Slain by a six-headed hydra

Vault maps used:
D:        linesprint

Skill      XL: |  1  2  3  4  5  6  7  8 |
---------------+-------------------------+-----
Unarmed Combat | 6 8 10 12 13 14 15 | 15.3
Shields        | 3 5 |  5.9
Dodging        | 4 5 6 |  6.3
Invocations    | 1 3 |  3.1
Fighting       | |  2.4

Action                   |  1- 3 |  4- 6 |  7- 9 || total
-------------------------+-------+-------+-------++-------
Melee: Unarmed           |    29 |    40 |    21 ||    90
Evoke: Wand              |       |       |     3 ||     3
  Use: Potion            |       |     3 |     2 ||     5
 Stab: Sleeping          |       |       |     1 ||     1
  Eat: Chunk             |     3 |     4 |     1 ||     8
Armor: Robe              |     2 |     8 |     2 ||    12
Dodge: Dodged            |     8 |     8 |     9 ||    25
Block: Shield            |    10 |    15 |    26 ||    51
